[Event "Titled Tuesday Blitz January 31 Early 2023"]
[White "Torres Dominguez, David"]
[Black "Nguyen Hong Nhung"]
[WhiteFideId "2220857"]
[BlackFideId "12412201"]
[WhiteElo "1994"]
[BlackElo "2003"]
[Result "1-0"]
[Round "08"]
[TimeControl "180+2"]
[Date "2023.01.31"]
[WhiteClock "0:00:06"]
[BlackClock "0:00:11"]

1. e4 c5 2. Nc3 e6 3. f4 a6 4. Nf3 Nc6 5. a4 d5 6. d3 Nf6 7. Be2 Be7 8. O-O O-O 9. Qe1 Nd4 10. Bd1 Rb8 11. e5 Nd7 12. Nxd4 cxd4 13. Ne2 Bc5 14. b4 Ba7 15. Bb2 f6 16. Bxd4 Bxd4+ 17. Nxd4 fxe5 18. fxe5 Rxf1+ 19. Kxf1 Nf8 20. Kg1 Bd7 21. Nf3 Ng6 22. c3 Rc8 23. d4 Qc7 24. Rc1 Qc4 25. Be2 Qa2 26. Bd3 Nf4 27. Bxh7+ Kxh7 28. Qh4+ Kg8 29. Qxf4 Qxa4 30. Ng5 Be8 31. Rf1 Bg6 32. Nxe6 Qc6 33. Qg4 Re8 34. Nf4 Be4 35. Nh5 Re7 36. Nf6+ Kf7 37. Nxe4+ Ke8 38. Nd6+ Kd8 39. Rf8+ Kc7 40. Rc8+ Kb6 41. Rxc6+ Kxc6 42. Qf4 Kb6 43. g3 Rc7 44. h4 Rxc3 45. Qf8 Rxg3+ 46. Kf2 Rc3 47. Qd8+ Ka7 48. Qa5 Rc2+ 49. Kg3 b6 50. Qa4 Rc3+ 51. Kg4 Kb8 52. Qd7 Rc7 53. Qd8+ Rc8 54. Qxc8+ Ka7 55. Qb7# 1-0


[Site "https://www.chess.com"]

[Event "Titled Tuesday Blitz January 31 Early 2023"]
[White "Ivanova, Karina"]
[Black "Zong, Davis"]
[WhiteFideId "24139750"]
[BlackFideId "30903955"]
[WhiteElo "2085"]
[BlackElo "2151"]
[Result "0-1"]
[Round "08"]
[TimeControl "180+2"]
[Date "2023.01.31"]
[WhiteClock "0:00:41"]
[BlackClock "0:00:31"]

1. d4 d5 2. Nf3 Nf6 3. c4 c6 4. g3 e6 5. Nbd2 Be7 6. Bg2 O-O 7. O-O b6 8. Qc2 Bb7 9. e4 dxe4 10. Nxe4 Nbd7 11. Rd1 Qc8 12. Bf4 Nxe4 13. Qxe4 c5 14. Qe2 cxd4 15. Nxd4 Bxg2 16. Kxg2 Qb7+ 17. Qf3 Qxf3+ 18. Nxf3 Nf6 19. Rac1 Rfd8 20. b3 Ne4 21. Bc7 Rxd1 22. Rxd1 Kf8 23. Be5 f6 24. Bd4 Rd8 25. Re1 Nd2 26. Be3 Nxf3 27. Kxf3 e5 28. Ke4 Kf7 29. Re2 Bb4 30. f4 exf4 31. Bxf4 g5 32. Be3 h5 33. h3 Re8+ 34. Kf3 Kg6 35. g4 f5 36. gxf5+ Kxf5 37. Bd4 g4+ 38. hxg4+ hxg4+ 39. Kf2 Rxe2+ 40. Kxe2 Ke4 41. Bg1 g3 42. Be3 Bc5 43. Bxc5 bxc5 44. a3 a5 45. Kf1 Kd4 46. Kg2 Kc3 47. Kxg3 Kxb3 48. Kf3 Kxa3 49. Ke4 Kb3 50. Kd5 Kb4 0-1


[Site "https://www.chess.com"]

[Event "Titled Tuesday Blitz January 31 Early 2023"]
[White "Osiecki, Stanislaw"]
[Black "Melikhov, Evgeny V."]
[WhiteFideId "1102990"]
[BlackFideId "4122046"]
[WhiteElo "2055"]
[BlackElo "2269"]
[Result "0-1"]
[Round "08"]
[TimeControl "180+2"]
[Date "2023.01.31"]
[WhiteClock "0:00:02"]
[BlackClock "0:00:05"]

1. e4 c5 2. c3 d5 3. e5 Bf5 4. d4 e6 5. Bd3 Bxd3 6. Qxd3 Nc6 7. Ne2 Qb6 8. O-O Rc8 9. a3 c4 10. Qh3 Kd7 11. Nf4 Kc7 12. Nd2 Kb8 13. Nf3 Nge7 14. Ng5 Nd8 15. Rb1 h6 16. Nf3 Rg8 17. Nd2 Qc7 18. b3 cxb3 19. Rxb3 Ka8 20. Bb2 Nec6 21. Rc1 Na5 22. Rb5 Nc4 23. Nxc4 Qxc4 24. Rb4 Bxb4 25. axb4 Qb3 26. Ba1 Nc6 27. Qd3 Nxb4 28. Qf1 Na2 29. Rb1 Qc4 30. Qe1 Nxc3 31. Rc1 Ne2+ 32. Nxe2 Qxe2 33. Rxc8+ Rxc8 34. Qxe2 Rc1+ 35. Qf1 Rxf1+ 36. Kxf1 a5 37. Ke2 b5 38. Kd3 Kb7 39. Kc3 Kc6 40. Bb2 g6 41. f4 Kb6 42. Ba3 b4+ 43. Bxb4 axb4+ 44. Kxb4 Kc6 45. Ka5 Kd7 46. Kb6 Ke7 47. Kc6 f5 48. Kc7 g5 49. g3 g4 0-1


[Site "https://www.chess.com"]

[Event "Titled Tuesday Blitz January 31 Early 2023"]
[White "Oro, Faustino"]
[Black "Toczek, Grzegorz"]
[WhiteFideId "20000197"]
[BlackFideId "1106457"]
[WhiteElo "2269"]
[BlackElo "2260"]
[Result "1-0"]
[Round "08"]
[TimeControl "180+2"]
[Date "2023.01.31"]
[WhiteClock "0:00:25"]
[BlackClock "0:00:15"]

1. Nf3 Nf6 2. e3 g6 3. b3 Bg7 4. Bb2 O-O 5. Be2 d6 6. d4 Nbd7 7. O-O Re8 8. c4 e5 9. dxe5 dxe5 10. Nxe5 c6 11. Nxd7 Bxd7 12. Nd2 Qc7 13. Qc2 Bf5 14. Bd3 Be6 15. Nf3 Rad8 16. h3 Qa5 17. Nd4 Bc8 18. Rad1 Qh5 19. Be2 Qh4 20. Nf3 Qh5 21. Rxd8 Rxd8 22. Rd1 Re8 23. Nh2 Qa5 24. Bc3 Qc7 25. Qb2 Qe7 26. Ng4 Bxg4 27. Bxg4 Rd8 28. Rxd8+ Qxd8 29. Bf3 Qd6 30. Be5 Qe6 31. Bd4 a6 32. Qc2 h5 33. b4 Ne8 34. Qc3 Bxd4 35. Qxd4 Nd6 36. c5 Nf5 37. Qd8+ Kg7 38. Qb6 Qd7 39. a4 Nh4 40. Be2 Qd2 41. Bf1 Qd7 42. b5 axb5 43. axb5 Nf5 44. bxc6 bxc6 45. Qb2+ Kg8 46. Qe5 Ne7 47. Qd6 Qb7 48. Bc4 Nf5 49. Qxg6+ Ng7 50. Qd3 Qb2 51. Qd8+ Kh7 52. Bd3+ Kh6 53. Qd6+ f6 54. Qf4# 1-0


[Site "https://www.chess.com"]

[Event "Titled Tuesday Blitz January 31 Early 2023"]
[White "Matt, Fabian"]
[Black "Shuvalov, Evgenij"]
[WhiteFideId "1623303"]
[BlackFideId "4187237"]
[WhiteElo "2308"]
[BlackElo "2038"]
[Result "1-0"]
[Round "08"]
[TimeControl "180+2"]
[Date "2023.01.31"]
[WhiteClock "0:01:17"]
[BlackClock "0:00:27"]

1. d4 Nf6 2. c4 g6 3. Nf3 Bg7 4. Nc3 d5 5. cxd5 Nxd5 6. Bd2 c5 7. Nxd5 Qxd5 8. Qc2 Nc6 9. e4 Nxd4 10. Nxd4 Qxd4 11. Bc3 O-O 12. Bxd4 Bxd4 13. Bc4 e6 14. O-O Bd7 15. Rad1 b5 16. Be2 Rfd8 17. b4 Rac8 18. bxc5 Rxc5 19. Qb3 e5 20. Rxd4 exd4 21. Rd1 Be6 22. Qb4 Rc2 23. Bxb5 Rxa2 24. Bc4 Bxc4 25. Qxc4 Rb2 26. g3 h5 27. Rxd4 Rxd4 28. Qxd4 Rb6 29. Kg2 Kh7 30. Qd7 Kg7 31. Qxa7 Re6 32. Qd4+ Kh7 33. f4 Ra6 34. Qc4 Rf6 35. e5 Re6 36. Kf3 Kg7 37. h3 Rb6 38. g4 hxg4+ 39. hxg4 Re6 40. Qd5 Ra6 41. f5 g5 42. f6+ Kg6 43. Qd3+ 1-0


[Site "https://www.chess.com"]

[Event "Titled Tuesday Blitz January 31 Early 2023"]
[White "Heinemann, Josefine"]
[Black "Papayan, Oleg"]
[WhiteFideId "12900460"]
[BlackFideId "4193911"]
[WhiteElo "2289"]
[BlackElo "2253"]
[Result "0-1"]
[Round "08"]
[TimeControl "180+2"]
[Date "2023.01.31"]
[WhiteClock "0:01:00"]
[BlackClock "0:00:28"]

1. e4 d5 2. exd5 Qxd5 3. Nc3 Qd8 4. d4 c6 5. Nf3 Bf5 6. Bc4 e6 7. O-O Nd7 8. Qe2 Be7 9. Bf4 Ngf6 10. Ne5 O-O 11. Rad1 Nb6 12. Bb3 Nbd5 13. Nxd5 cxd5 14. c3 Ne4 15. Bc2 Nd6 16. Bxf5 Nxf5 17. b3 Qa5 18. c4 dxc4 19. bxc4 Rfd8 20. Qe4 Nd6 21. Qf3 Qxa2 22. Bg3 Bf6 23. Ra1 Qb2 24. c5 Nf5 25. Qxb7 Qxb7 0-1


[Site "https://www.chess.com"]

[Event "Titled Tuesday Blitz January 31 Early 2023"]
[White "Pein, Jonathan"]
[Black "Buscar, Michael"]
[WhiteFideId "417092"]
[BlackFideId "2603616"]
[WhiteElo "2265"]
[BlackElo "2041"]
[Result "0-1"]
[Round "08"]
[TimeControl "180+2"]
[Date "2023.01.31"]
[WhiteClock "0:00:02"]
[BlackClock "0:00:11"]

1. e4 c5 2. g3 e5 3. Bg2 Nc6 4. Ne2 d6 5. O-O Bg4 6. h3 Bxe2 7. Qxe2 Be7 8. c3 Nf6 9. d3 O-O 10. Be3 d5 11. a4 d4 12. Bd2 Qd7 13. Na3 Ne8 14. f4 f6 15. h4 Nd6 16. Kh2 b6 17. Bh3 Qc7 18. Be6+ Kh8 19. Nb5 Nxb5 20. axb5 Nd8 21. Bd5 Nb7 22. c4 Rfd8 23. fxe5 fxe5 24. Rf7 Nd6 25. Rf2 Rab8 26. Qh5 Ne8 27. Qf7 Nf6 28. Rxf6 gxf6 29. Bh6 Rg8 30. Be6 Rg6 31. Bf5 Rxh6 32. Kh3 Rg8 33. g4 Bd8 34. Qxc7 Bxc7 35. h5 Bb8 36. Ra6 Rg5 37. Be6 f5 38. Bxf5 Rf6 0-1


[Site "https://www.chess.com"]

[Event "Titled Tuesday Blitz January 31 Early 2023"]
[White "Mkrtchian, Lilit"]
[Black "Mrudul Dehankar"]
[WhiteFideId "13300601"]
[BlackFideId "25096990"]
[WhiteElo "2389"]
[BlackElo "2030"]
[Result "0-1"]
[Round "08"]
[TimeControl "180+2"]
[Date "2023.01.31"]
[WhiteClock "0:00:02"]
[BlackClock "0:00:05"]

1. Nf3 Nf6 2. g3 b5 3. Bg2 Bb7 4. O-O e6 5. d3 Be7 6. c4 a6 7. Nc3 b4 8. Na4 O-O 9. e4 d6 10. Re1 Nbd7 11. b3 c5 12. Bb2 Qc7 13. e5 dxe5 14. Nxe5 Bxg2 15. Kxg2 Rad8 16. Qf3 Bd6 17. Nxd7 Nxd7 18. Rad1 e5 19. h4 f5 20. h5 Rf7 21. h6 g6 22. Qd5 Rf8 23. Re2 Nf6 24. Qf3 e4 25. dxe4 fxe4 26. Qe3 Ng4 27. Qxe4 Nxf2 28. Qd5 Nxd1 29. Qxd1 Bxg3 30. Qd5 Bh4 31. Be5 Qe7 32. Nxc5 Qg5+ 33. Kh3 Bf2 34. Bh2 Qh5+ 35. Kg2 Qxd5+ 36. cxd5 Bxc5 37. d6 Rd7 38. Rc2 Bxd6 39. Rd2 Rfd8 40. Bg1 Be5 41. Re2 Bc3 42. Kf3 Rd2 43. Re7 Rf8+ 44. Kg4 Rg2+ 45. Kh3 Rxg1 46. Kh2 Rg5 47. Kh3 Be5 48. Rxe5 Rxe5 49. Kg2 Rg5+ 50. Kh1 Rf4 51. Kh2 Rh4# 0-1


[Site "https://www.chess.com"]

[Event "Titled Tuesday Blitz January 31 Early 2023"]
[White "Orujov, Elshad"]
[Black "Tymrakiewicz, Rafal"]
[WhiteFideId "13403540"]
[BlackFideId "1108832"]
[WhiteElo "2304"]
[BlackElo "2144"]
[Result "0-1"]
[Round "08"]
[TimeControl "180+2"]
[Date "2023.01.31"]
[WhiteClock "0:00:10"]
[BlackClock "0:00:11"]

1. e4 Nf6 2. e5 Nd5 3. d4 d6 4. Nf3 g6 5. Bc4 Nb6 6. Bb3 d5 7. O-O Nc6 8. a4 Bg4 9. c3 Bg7 10. a5 Nc4 11. a6 b5 12. Na3 Nxa3 13. Rxa3 O-O 14. h3 Bxf3 15. Qxf3 e6 16. Ra1 Rc8 17. g3 Nb8 18. h4 c5 19. Bg5 Qb6 20. Be7 cxd4 21. Bxf8 Rxf8 22. cxd4 Qxd4 23. Rac1 Nxa6 24. Rc6 Nb4 25. Rc7 Bxe5 26. Rb7 a6 27. h5 Qd3 28. Bd1 Qxf3 29. Bxf3 Bxb2 30. Kg2 Nd3 31. hxg6 hxg6 32. Ra7 Nc5 33. Rb1 Bd4 34. Rd1 Bc3 35. Rc7 Na4 36. Rc1 b4 37. Bd1 Nb2 38. Bb3 Nd3 39. Rd1 Ne5 40. Ra7 d4 41. Rxa6 d3 42. Ra5 Nc6 43. Rc5 Nd4 44. Rxd3 Nxb3 45. Rb5 Rc8 46. Rd7 Nd2 47. Rbb7 Rf8 48. Rdc7 Ne4 49. Rd7 Nc5 50. Rdc7 Nxb7 51. Rxb7 Bd2 52. Rc7 b3 53. Rb7 Bc3 54. Rxb3 Bf6 55. Rf3 Kg7 56. Rd3 Rc8 57. Rb3 Rc2 58. Rb4 Be5 59. Re4 Bd6 60. Re3 Bc5 61. Rf3 Rxf2+ 62. Rxf2 Bxf2 63. Kxf2 g5 64. Kf3 f5 65. Ke3 Kf6 66. Kd4 g4 67. Ke3 Ke5 68. Kd3 Kd5 69. Ke3 e5 70. Kd3 Kc5 0-1


[Site "https://www.chess.com"]

[Event "Titled Tuesday Blitz January 31 Early 2023"]
[White "Gatterer, Florian"]
[Black "SicilianPanzer"]
[WhiteFideId "811688"]
[WhiteElo "2170"]
[BlackElo "2195"]
[Result "1-0"]
[Round "08"]
[TimeControl "180+2"]
[Date "2023.01.31"]
[WhiteClock "0:01:27"]
[BlackClock "0:00:02"]

1. b3 Nf6 2. Bb2 d6 3. c4 Nbd7 4. g3 g6 5. Bg2 Bg7 6. Nf3 O-O 7. d4 c5 8. O-O cxd4 9. Nxd4 a6 10. Nc3 Rb8 11. h3 Nc5 12. e4 Bd7 13. Re1 b5 14. cxb5 axb5 15. b4 Ne6 16. Nf3 Bc6 17. Qd2 Qb6 18. a3 Rbc8 19. Nd5 Nxe4 20. Nxe7+ Kh8 21. Bxg7+ Kxg7 22. Qb2+ f6 23. Nxc8 Rxc8 24. Rad1 d5 25. Nd4 Nxd4 26. Qxd4 Qa6 27. Bxe4 dxe4 28. Re3 Bb7 29. Qd7+ Kg8 30. Rd6 Qa4 31. Qxb7 1-0


[Site "https://www.chess.com"]

[Event "Titled Tuesday Blitz January 31 Early 2023"]
[White "Lehtosaari, Mauri"]
[Black "Vaglio Munoz, Jaime"]
[WhiteFideId "501999"]
[BlackFideId "6500145"]
[WhiteElo "2176"]
[BlackElo "2174"]
[Result "1-0"]
[Round "08"]
[TimeControl "180+2"]
[Date "2023.01.31"]
[WhiteClock "0:00:26"]
[BlackClock "0:00:31"]

1. d4 c6 2. Nf3 b5 3. Bg5 d5 4. c3 Bf5 5. Nbd2 Qb6 6. e3 Nd7 7. Be2 Ngf6 8. O-O Ne4 9. Nxe4 Bxe4 10. Nd2 Bg6 11. b3 h6 12. Bh4 a5 13. c4 e6 14. c5 Qc7 15. Bg3 Qd8 16. Nf3 Be7 17. Bd3 Bxd3 18. Qxd3 f5 19. Be5 O-O 20. h3 a4 21. Rfb1 axb3 22. axb3 g5 23. Qd1 Qe8 24. Rxa8 Qxa8 25. Ra1 Qb7 26. Ra2 Ra8 27. Qa1 Rxa2 28. Qxa2 g4 29. hxg4 fxg4 30. Nh2 h5 31. Bf4 Bf6 32. Nf1 h4 33. Nh2 h3 34. Nxg4 hxg2 35. Kxg2 Kf7 36. Qc2 Nf8 37. Be5 Bd8 38. Qe2 Kg6 39. Qf3 Qf7 40. Qg3 Qf5 41. Bf4 Kh5 42. Qh3+ Kg6 43. Qh6+ Kf7 44. Ne5+ Ke8 45. f3 Bf6 46. Nxc6 Qc2+ 47. Kg3 Kf7 48. Qh5+ Kg8 49. Ne5 Qb1 50. Qf7+ Kh8 51. Qxf6+ Kg8 52. Qf7+ Kh8 53. Qxf8+ Kh7 54. Qf7+ Kh8 55. Ng6+ Qxg6+ 56. Qxg6 b4 57. Be5# 1-0


[Site "https://www.chess.com"]

[Event "Titled Tuesday Blitz January 31 Early 2023"]
[White "Erdogmus, Yagiz Kaan"]
[Black "Rian, Kapriaga"]
[WhiteFideId "44599790"]
[BlackFideId "7103263"]
[WhiteElo "2470"]
[BlackElo "2089"]
[Result "1/2-1/2"]
[Round "08"]
[TimeControl "180+2"]
[Date "2023.01.31"]
[WhiteClock "0:00:22"]
[BlackClock "0:00:07"]

1. a3 d5 2. Nf3 Nf6 3. c4 e6 4. e3 Be7 5. b4 O-O 6. Bb2 a5 7. b5 c6 8. Nc3 Nbd7 9. Be2 Re8 10. O-O Bf8 11. Rc1 Nb6 12. Na4 Nxc4 13. bxc6 Nxb2 14. Nxb2 bxc6 15. Rxc6 Bb7 16. Rc3 Rc8 17. Rxc8 Qxc8 18. Qa4 Qc5 19. Nd3 Qxa3 20. Qxa3 Bxa3 21. Ra1 Bb4 22. Nxb4 axb4 23. Rb1 Rc8 24. Rxb4 Rc7 25. g4 h6 26. h4 Nd7 27. g5 hxg5 28. hxg5 f6 29. Nd4 Kf7 30. Bg4 Nc5 31. Rb6 e5 32. Nb5 Rc6 33. Nd6+ Kg6 34. gxf6 gxf6 35. Nxb7 Rxb6 36. Nxc5 d4 37. exd4 exd4 38. d3 Rb5 39. Nd7 Rg5 40. f3 f5 41. Ne5+ Kf6 42. f4 Rxg4+ 43. Nxg4+ fxg4 44. Kf2 Ke6 45. Kg2 Kf6 46. Kh2 Kg6 47. Kg2 Kf6 48. Kf2 Ke6 49. Kg2 Kf6 1/2-1/2


[Site "https://www.chess.com"]

[Event "Titled Tuesday Blitz January 31 Early 2023"]
[White "Matveeva, Olga"]
[Black "Martic, Ivan"]
[WhiteFideId "24107018"]
[BlackFideId "929301"]
[WhiteElo "2128"]
[BlackElo "2301"]
[Result "0-1"]
[Round "08"]
[TimeControl "180+2"]
[Date "2023.01.31"]
[WhiteClock "0:00:04"]
[BlackClock "0:01:22"]

1. d4 Nf6 2. c4 e6 3. g3 d5 4. Nf3 Be7 5. Bg2 O-O 6. O-O c6 7. Qc2 Nbd7 8. Nbd2 b6 9. e4 dxe4 10. Nxe4 Bb7 11. Rd1 c5 12. Nxf6+ Bxf6 13. dxc5 bxc5 14. Ng5 Bxg5 15. Bxb7 Bxc1 16. Bxa8 Qxa8 17. Raxc1 Ne5 18. h4 Nf3+ 19. Kf1 Nh2+ 20. Ke2 Qf3+ 21. Ke1 Qg2 22. Rd3 Qf1+ 23. Kd2 Qxf2+ 24. Kc3 Qf6+ 25. Kb3 Rb8+ 26. Ka3 e5 27. b3 Nf3 28. Rf1 Qa6+ 29. Kb2 Nd4 30. Qf2 Qxc4 31. Rc3 Qe6 32. Rxc5 h5 33. Rc3 a5 34. Qe3 a4 35. Re1 axb3 36. axb3 g6 37. Qxd4 exd4 38. Rxe6 dxc3+ 39. Kxc3 fxe6 0-1


[Site "https://www.chess.com"]

[Event "Titled Tuesday Blitz January 31 Early 2023"]
[White "Levitan, Caleb Levi"]
[Black "Manukian, Artak"]
[WhiteFideId "14332620"]
[BlackFideId "13301373"]
[WhiteElo "2129"]
[BlackElo "2196"]
[Result "0-1"]
[Round "08"]
[TimeControl "180+2"]
[Date "2023.01.31"]
[WhiteClock "0:00:01"]
[BlackClock "0:00:09"]

1. d4 d5 2. Bf4 Nf6 3. e3 Bg4 4. Be2 Bxe2 5. Qxe2 e6 6. Qb5+ Nbd7 7. Qxb7 Rb8 8. Qxc7 Qxc7 9. Bxc7 Rxb2 10. Kd1 Ne4 11. Bg3 Rxb1+ 12. Rxb1 Nc3+ 13. Kc1 Ba3+ 14. Rb2 Na4 15. Ne2 Bxb2+ 16. Kd2 Ba3 17. Rb1 Nab6 18. Nc3 O-O 19. Nb5 Nc4+ 20. Kd3 Ra8 21. Nc7 Rc8 22. Rb7 e5 23. Nxd5 Ncb6 24. Nxb6 Nxb6 25. Rxa7 Nc4 26. dxe5 h5 27. h4 Bc5 28. Rb7 Nb6 29. c4 Rd8+ 30. Kc3 Ra8 31. Kb3 Ra3+ 32. Kb2 Nxc4+ 33. Kb1 Nd2+ 34. Kb2 Ne4 35. Rc7 Ra5 36. Kb3 Nxg3 37. fxg3 Bxe3 38. a4 Rxe5 39. Kc4 Bf2 40. Rc8+ Kh7 41. Rc7 Kg6 42. Rc6+ f6 43. Kd3 Bxg3 44. Rc4 f5 45. Rb4 f4 46. Rb6+ Kf7 47. Rb7+ Kf6 48. Rb8 Bxh4 49. Rf8+ Kg6 50. Ra8 Be1 51. Ra6+ Kg5 52. Kc2 g6 53. Kd1 Bb4 54. Rb6 Ba5 55. Rb7 Kf5 56. Rd7 g5 57. Rf7+ Ke4 58. Rh7 h4 59. Rb7 Ke3 60. Rb3+ Kf2 61. Rb7 Kxg2 62. Rb2+ Kg3 63. Rb3+ f3 64. Rb2 f2 65. Rb3+ Kg2 66. Rb2 g4 67. Ra2 g3 68. Rb2 h3 69. Kc1 h2 70. Kb1 h1=Q+ 71. Ka2 Qh7 72. Rd2 Qf7+ 73. Ka3 Bxd2 74. a5 f1=Q 75. a6 Qd3+ 76. Kb2 Qfb3+ 77. Ka1 Qdb1# 0-1


[Site "https://www.chess.com"]

[Event "Titled Tuesday Blitz January 31 Early 2023"]
[White "Jovic, Stanoje"]
[Black "Rosenberg, Evan S"]
[WhiteFideId "905020"]
[BlackFideId "2019299"]
[WhiteElo "2075"]
[BlackElo "1956"]
[Result "1-0"]
[Round "08"]
[TimeControl "180+2"]
[Date "2023.01.31"]
[WhiteClock "0:01:26"]
[BlackClock "0:00:34"]

1. c4 e6 2. g3 c5 3. Bg2 Nf6 4. Nf3 Nc6 5. O-O Be7 6. Re1 d5 7. cxd5 exd5 8. d4 O-O 9. dxc5 Bxc5 10. a3 Ne4 11. e3 a5 12. b3 Qf6 13. Ra2 Bg4 14. h3 Be6 15. Rc2 Ba7 16. Bb2 Qh6 17. g4 Rad8 18. Nd4 Nxd4 19. Bxd4 Bb8 20. f4 Qh4 21. Nc3 h5 22. gxh5 Bxh3 23. Bxh3 Qxh3 24. Rh2 Qg3+ 25. Rg2 1-0


[Site "https://www.chess.com"]

[Event "Titled Tuesday Blitz January 31 Early 2023"]
[White "Petrova, Irina"]
[Black "Zacurdajev, Dmitry"]
[WhiteFideId "14124122"]
[BlackFideId "4196309"]
[WhiteElo "2108"]
[BlackElo "2273"]
[Result "1-0"]
[Round "08"]
[TimeControl "180+2"]
[Date "2023.01.31"]
[WhiteClock "0:00:12"]
[BlackClock "0:00:44"]

1. e4 c6 2. d4 d5 3. Nc3 dxe4 4. Nxe4 Nf6 5. Nxf6+ exf6 6. Be3 Bd6 7. Bd3 Na6 8. c3 Nc7 9. Ne2 h5 10. Qd2 Nd5 11. O-O-O Be6 12. Nf4 Nxf4 13. Bxf4 Bxa2 14. c4 Bb3 15. Rde1+ Kf8 16. Bxd6+ Qxd6 17. Qc3 Ba4 18. Re3 c5 19. d5 g6 20. Rhe1 Kg7 21. Re7 Rhe8 22. R1e6 Qf4+ 23. Kb1 Rxe7 24. Rxe7 Qxf2 25. d6 Rd8 26. Qa5 Rxd6 27. Qxa4 Rxd3 28. Qe8 Rd1+ 29. Ka2 Qf1 30. Rxf7+ Kh6 31. Qe3+ g5 32. Qe4 Ra1+ 33. Kb3 Qd1+ 34. Qc2 Qd6 35. Rh7# 1-0


[Site "https://www.chess.com"]

[Event "Titled Tuesday Blitz January 31 Early 2023"]
[White "matenitian"]
[Black "Ruiz Aguilar, Pablo Alexander"]
[BlackFideId "4401352"]
[WhiteElo "2434"]
[BlackElo "2161"]
[Result "1-0"]
[Round "08"]
[TimeControl "180+2"]
[Date "2023.01.31"]
[WhiteClock "0:00:05"]
[BlackClock "0:00:20"]

1. e4 c5 2. Nc3 Nc6 3. g3 g6 4. Bg2 Bg7 5. d3 Rb8 6. Be3 Nd4 7. Nce2 e6 8. c3 Nxe2 9. Nxe2 b6 10. O-O Ne7 11. d4 cxd4 12. Bxd4 e5 13. Be3 O-O 14. Qd6 Nc6 15. Rfd1 Re8 16. Bh3 Bf8 17. Qd5 d6 18. Bxc8 Qxc8 19. Bg5 Na5 20. Bf6 Re6 21. Bg5 Re8 22. Be3 Nc4 23. Bc1 b5 24. Kg2 Qb7 25. b3 Na5 26. Ba3 Qxd5 27. Rxd5 Re6 28. Rad1 Rb6 29. f4 exf4 30. Nxf4 Rxe4 31. Bxd6 Nb7 32. Bxf8 Kxf8 33. Kf3 Re7 34. Rd7 Rxd7 35. Rxd7 a5 36. Nd5 Rd6 37. Rxb7 Rxd5 38. Ke4 Rd2 39. Rxb5 Rxa2 40. h4 Kg7 41. c4 Ra3 42. c5 a4 43. b4 Rxg3 44. c6 Rg4+ 45. Kd5 Rg1 46. c7 Rd1+ 47. Kc6 a3 48. c8=Q a2 49. Ra5 a1=Q 50. Rxa1 Rxa1 51. Qd7 Rc1+ 52. Kb7 Rf1 53. b5 h5 54. b6 Rf5 55. Qd4+ Kh7 56. Kc7 Rf1 57. b7 Rc1+ 58. Kd8 1-0


[Site "https://www.chess.com"]

[Event "Titled Tuesday Blitz January 31 Early 2023"]
[White "Fernandez Garcia, Gumersindo"]
[Black "Pavlidou, Ekaterini"]
[WhiteFideId "24516740"]
[BlackFideId "4213262"]
[WhiteElo "2160"]
[BlackElo "2088"]
[Result "0-1"]
[Round "08"]
[TimeControl "180+2"]
[Date "2023.01.31"]
[WhiteClock "0:00:04"]
[BlackClock "0:00:52"]

1. e4 c5 2. Nf3 e6 3. d4 cxd4 4. Nxd4 Nf6 5. Nc3 Nc6 6. Nxc6 bxc6 7. e5 Nd5 8. Ne4 Qc7 9. f4 Qb6 10. c4 Bb4+ 11. Ke2 Ba6 12. Kf3 f5 13. Nf2 Ne7 14. Be3 Bc5 15. Bxc5 Qxc5 16. Qd6 Qb6 17. b3 c5 18. Rd1 Bb7+ 19. Kg3 Bc6 20. Nd3 g5 21. Qxc5 gxf4+ 22. Kf2 Ng6 23. Qxb6 axb6 24. a4 Be4 25. h4 Bxd3 26. Bxd3 Nxe5 27. Rhe1 d6 28. Bxf5 Ke7 29. Be4 Raf8 30. Bf3 Rhg8 31. Ra1 Nd3+ 32. Kf1 Nxe1 33. Kxe1 Rf5 34. Kd2 Re5 35. b4 Rc8 36. Rc1 Re3 37. a5 bxa5 38. b5 Rb3 39. Ra1 Rxc4 40. Rxa5 Rcb4 41. Bc6 h5 42. Ra7+ Kf6 43. Rh7 Ke5 44. Rxh5+ Kd4 45. Ke1 Rb1+ 46. Kf2 e5 47. Rh6 Kc5 48. h5 R4b3 49. Re6 R1b2+ 50. Kg1 f3 51. gxf3 Rd2 52. Be4 Rc3 53. Bd3 Rcxd3 54. h6 Rc3 0-1


[Site "https://www.chess.com"]

[Event "Titled Tuesday Blitz January 31 Early 2023"]
[White "Liimatainen, Jero"]
[Black "Begunov, Konstantin"]
[WhiteFideId "509531"]
[BlackFideId "4118510"]
[WhiteElo "1948"]
[BlackElo "2325"]
[Result "1-0"]
[Round "08"]
[TimeControl "180+2"]
[Date "2023.01.31"]
[WhiteClock "0:00:33"]
[BlackClock "0:00:39"]

1. e4 c5 2. Nf3 d6 3. Bb5+ Bd7 4. Bxd7+ Qxd7 5. O-O Nf6 6. Re1 Nc6 7. c3 e6 8. d4 cxd4 9. cxd4 d5 10. e5 Ne4 11. a3 Be7 12. Nbd2 Nxd2 13. Bxd2 Rc8 14. Rc1 O-O 15. Rc3 b5 16. Rd3 a5 17. h4 b4 18. Nh2 bxa3 19. bxa3 f5 20. exf6 Bxf6 21. Bg5 Bxg5 22. hxg5 Rf5 23. Qd2 Rcf8 24. Rf3 Qd6 25. Rxf5 Rxf5 26. Nf3 Kf7 27. Qb2 Kg6 28. Nh4+ Kxg5 29. Nxf5 Kxf5 30. Qb6 Qd7 31. Rc1 Ne7 32. Qxa5 Kf6 33. Qc7 Qa4 34. Qf4+ Kg6 35. Qg3+ Kf6 36. Qc3 Nf5 37. Qb4 Qxb4 38. axb4 Nxd4 39. Kf1 Ke5 40. Rc7 g5 41. Rxh7 Nb5 42. Rg7 d4 43. Rxg5+ Ke4 44. Rxb5 1-0


[Site "https://www.chess.com"]

[Event "Titled Tuesday Blitz January 31 Early 2023"]
[White "Onslow, Alfie"]
[Black "Belenkaya, Dina"]
[WhiteFideId "436976"]
[BlackFideId "24142654"]
[WhiteElo "2157"]
[BlackElo "2267"]
[Result "1-0"]
[Round "08"]
[TimeControl "180+2"]
[Date "2023.01.31"]
[WhiteClock "0:01:24"]
[BlackClock "0:00:45"]

1. e4 c6 2. Nf3 d5 3. exd5 cxd5 4. Ne5 a6 5. d4 Nf6 6. Bd3 g6 7. O-O Bg7 8. Nd2 O-O 9. Ndf3 Nbd7 10. Re1 Re8 11. c3 Nf8 12. h3 Bf5 13. Bxf5 gxf5 14. Ng5 h6 15. Ngxf7 Qb6 16. Nxh6+ Bxh6 17. Bxh6 e6 18. Qf3 Qc7 19. Qg3+ Kh7 20. Qh4 1-0


[Site "https://www.chess.com"]

[Event "Titled Tuesday Blitz January 31 Early 2023"]
[White "Chakravarthi Reddy, M"]
[Black "Koridze, Lile"]
[WhiteFideId "25009532"]
[BlackFideId "13612514"]
[WhiteElo "2279"]
[BlackElo "2191"]
[Result "0-1"]
[Round "08"]
[TimeControl "180+2"]
[Date "2023.01.31"]
[WhiteClock "0:01:09"]
[BlackClock "0:01:59"]

1. e4 c5 2. Nf3 d6 3. Bb5+ Nd7 4. O-O a6 5. Bxd7+ Bxd7 6. c3 Nf6 7. Re1 g6 8. d4 cxd4 9. cxd4 Bc6 10. d5 Bd7 11. e5 dxe5 12. Nxe5 Bg7 13. d6 Be6 14. Qa4+ b5 15. dxe7 Qxe7 16. Qh4 Nd5 17. Bg5 Qb4 18. Ng4 Qxe1# 0-1


[Site "https://www.chess.com"]

[Event "Titled Tuesday Blitz January 31 Early 2023"]
[White "Zaichenko, Daria"]
[Black "Sanchez, Robert"]
[WhiteFideId "4197453"]
[BlackFideId "2034360"]
[WhiteElo "2104"]
[BlackElo "1966"]
[Result "1-0"]
[Round "08"]
[TimeControl "180+2"]
[Date "2023.01.31"]
[WhiteClock "0:00:51"]
[BlackClock "0:00:09"]

1. e4 e6 2. d4 d5 3. e5 c5 4. c3 Nc6 5. Nf3 Bd7 6. a3 f6 7. b4 fxe5 8. Nxe5 Nxe5 9. dxe5 Qc7 10. f4 O-O-O 11. Bd3 Nh6 12. O-O Be7 13. Be3 g6 14. Nd2 Nf5 15. Bf2 Kb8 16. Nf3 h5 17. Rb1 c4 18. Bc2 Rdg8 19. a4 g5 20. Bxf5 exf5 21. Qxd5 gxf4 22. b5 Bc8 23. b6 axb6 24. Rxb6 Bd7 25. Rfb1 Bc8 26. Nd4 Bc5 27. Nc6+ Ka8 28. Qxc5 bxc6 29. Qa5+ Qa7 30. Rb8# 1-0


[Site "https://www.chess.com"]